 Dungeon Crawl Stone Soup version 0.24.1 (webtiles) character file.

Game seed: 16710831857027283007, levelgen mode: deterministic

181574 Peloso the Hoplite (level 17, -3/159 HPs)
             Began as a Minotaur Fighter on Mar 26, 2020.
             Was the Champion of Okawaru.
             Killed from afar by a spark wasp (30 damage)
             ... with a living lightning
             ... on level 4 of the Spider Nest.
             The game lasted 01:46:54 (35559 turns).

Peloso the Hoplite (Minotaur Fighter)              Turns: 35559, Time: 01:46:55

Health: -3/159     AC: 26    Str: 27      XL:     17   Next: 68%
Magic:  18/18      EV: 15    Int:  8      God:    Okawaru [******]
Gold:   485        SH: 20    Dex: 23 (24) Spells: 16/16 levels left

rFire    + + .     SeeInvis +   a - +6 demon blade "Nuczidwu" {elec, MR+ Int+3}
rCold    x . .     Gourm    .   c - +2 shield {reflect}
rNeg     . . .     Faith    +   L - +1 chain mail of Card Tricks {*Drain MR+ Dex+8}
rPois    +         Spirit   .   C - +1 hat {MR+}
rElec    .         Reflect  +   D - scarf {cloud immunity}
rCorr    .         Harm     .   I - +3 pair of gauntlets of War {Slay+5}
MR       ++++.                  t - +2 pair of boots {Fly}
Stlth    ..........             A - amulet of faith
HPRegen  0.36/turn              N - ring "Ucru" {Fire *Slow rPois Dex+2 SInv}
MPRegen  0.16/turn              F - +3 ring of strength

@: flying
A: retaliatory headbutt, horns 2, yellow scales 1, blink, fire resistance 1,
MP-powered wands
a: Blink, Heroism, Finesse, Renounce Religion, Stop Flying


You were on level 4 of the Spider Nest.
You worshipped Okawaru.
Okawaru was exalted by your worship.
You were hungry.

You visited 6 branches of the dungeon, and saw 31 of its levels.
You visited 1 bazaar.
You also visited: Gauntlet, Ice Cave and Volcano.

You collected 3531 gold pieces.
You spent 3046 gold pieces at shops.

Inventory:

Hand Weapons
 a - the +6 demon blade "Nuczidwu" (weapon) {elec, MR+ Int+3}
   (Okawaru gifted it to you on level 6 of the Lair of Beasts)

   Occasionally, upon striking a foe, it will discharge some electrical energy
   and cause terrible harm.
   It affects your intelligence (+3).
   It affects your resistance to hostile enchantments.
 b - the +9 falchion of Cruel Justice {slice, rPois Stlth+}
   (Okawaru gifted it to you on level 1 of the Lair of Beasts)

   It inflicts extra damage upon your enemies.
   It protects you from poison.
   It makes you more stealthy.
 d - a +4 scimitar of flaming
 e - the +11 falchion "Temuadwi" {pain, *Noise rPois rN+ Str+4}
   (Okawaru gifted it to you on level 12 of the Dungeon)

   In the hands of one skilled in necromantic magic, it inflicts extra damage on
   living creatures.
   It affects your strength (+4).
   It protects you from poison.
   It protects you from negative energy.
   It may make noises in combat.
Armour
 c - a +2 shield of reflection (worn)
 p - a +1 hat of intelligence
 s - a +2 pair of boots of stealth
 t - a +2 pair of boots of flying (worn)
 C - a +1 hat of magic resistance (worn)
 D - a scarf of cloud immunity (worn)
 I - the +3 pair of gauntlets of War (worn) {Slay+5}
   (Okawaru gifted it to you on level 4 of the Lair of Beasts)

   It affects your accuracy and damage with ranged weapons and melee attacks
   (+5).
 L - the +1 chain mail of Card Tricks (worn) {*Drain MR+ Dex+8}
   (You bought it in a shop on level 13 of the Dungeon)

   It affects your dexterity (+8).
   It affects your resistance to hostile enchantments.
   It causes draining when unequipped.
Jewellery
 A - an amulet of faith (around neck)
 F - a +3 ring of strength (right hand)
 M - the amulet of the Locust {Acrobat rC+ MR+ Int+3}
   (You found it in a Gauntlet)

   [amulet of the acrobat]

   It helps you evade while moving and waiting.
   It affects your intelligence (+3).
   It protects you from cold.
   It affects your resistance to hostile enchantments.
 N - the ring "Ucru" (left hand) {Fire *Slow rPois Dex+2 SInv}
   (You found it in a Gauntlet)

   [ring of fire]

   It enhances your fire magic.
   It affects your dexterity (+2).
   It protects you from fire.
   It makes you vulnerable to cold.
   It protects you from poison.
   It lets you see invisible.
   It may slow you when you take damage.
 X - the amulet of Jucruhag {Reflect Str+2 SH+6}
   (You bought it in a shop in a bazaar)

   [amulet of reflection]

   It shields you and reflects attacks.
   It affects your strength (+2).
   It affects your SH (+6).
Wands
 n - a wand of random effects (13)
 q - a wand of disintegration (15)
 P - a wand of digging (1)
Scrolls
 g - 12 scrolls of teleportation
 j - 4 scrolls of magic mapping
 k - 7 scrolls of remove curse
 l - 2 scrolls of amnesia
 o - 3 scrolls of identify
 u - a scroll of enchant weapon
 E - 2 scrolls of blinking
 O - 4 scrolls of fear
 R - a scroll of summoning
 U - a scroll of noise
Potions
 h - 4 potions of curing
 i - a potion of resistance
 m - a potion of brilliance
 r - 2 potions of magic
 v - 6 potions of might
 z - 3 potions of agility
 G - 5 potions of flight
 H - a potion of haste
 S - 3 potions of berserk rage
Comestibles
 f - 50 rations


   Skills:
 + Level 16.5 Fighting
 + Level 17.8 Long Blades
   Level 4.2 Polearms
 + Level 15.9 Armour
 + Level 7.7 Dodging
 + Level 2.3 Stealth
 + Level 21.0 Shields
 + Level 3.9 Invocations
 + Level 1.2 Evocations


You had 16 spell levels left.
You didn't know any spells.
Your spell library contained the following spells:

 Spells                   Type           Power        Failure   Level  Hunger
 Corona                   Hex            #......      83%         1    ##.....
 Infusion                 Chrm           #...         83%         1    ##.....
 Shock                    Conj/Air       #...         83%         1    ##.....
 Ensorcelled Hibernation  Hex/Ice        #.....       92%         2    ###....
 Passwall                 Tmut/Erth      #.......     92%         2    ###....
 Shroud of Golubria       Chrm/Tloc      #.....       92%         2    ###....
 Song of Slaying          Chrm           #.......     92%         2    ###....
 Swiftness                Chrm/Air       #.......     92%         2    ###....
 Confuse                  Hex            #.......     99%         3    ####...
 Dazzling Spray           Conj/Hex       #.....       99%         3    ####...
 Regeneration             Chrm/Necr      #.........   99%         3    ####...
 Spectral Weapon          Hex/Chrm       #.......     99%         3    ####...
 Static Discharge         Conj/Air       #.......     99%         3    ####...
 Tukima's Dance           Hex            #.......     99%         3    ####...
 Airstrike                Air            #.........   100%        4    #####..
 Passage of Golubria      Tloc           N/A          100%        4    #####..
 Irradiate                Conj/Tmut      #.........   100%        5    ######.
 Lee's Rapid Deconstruct  Erth           #.........   100%        5    ######.
 Lightning Bolt           Conj/Air       #.........   100%        5    ######.
 Darkness                 Hex            #.........   100%        6    #######
 Hydra Form               Tmut           #.........   100%        6    #######
 Invisibility             Hex            #.......     100%        6    #######
 Statue Form              Tmut/Erth      #........    100%        6    #######
 Dragon Form              Tmut           #.........   100%        7    #######


Dungeon Overview and Level Annotations

Branches:
Dungeon (15/15) Temple (1/1) D:4 Lair (6/6) D:9 Swamp (3/4) Lair:4 Spider (4/4) Lair:4 Slime (0/5) Lair:5 Orc (2/2) D:10 Elf (0/3) Orc:2 Vaults (0/5) D:12 D:13 Depths (0/5) D:15 IceCv (visited) Volcano (visited) Gauntlet (visited)

Altars:
Ashenzari
Dithmenos
Fedhas
Gozag
Hepliaklqana
Makhleb
Nemelex Xobeh
Okawaru
Ru
Trog
Uskayaw
Vehumet
Xom
Zin
Beogh

Shops:
D:13 [*(?   D:14 **[   Orc:2 [(=(

Annotations:
D:5 Prince Ribbit


Innate Abilities, Weirdness & Mutations

You reflexively headbutt those who attack you in melee.
You have a pair of horns on your head.
You are partially covered in yellow scales. (AC +2)
You can translocate small distances at will.
Your flesh is heat resistant. (rF+)
You expend magic power (3 MP) to strengthen your wands.


Message History

The spark wasp stings you!
* * * LOW HITPOINT WARNING * * *
The spark wasp shocks you!
* * * LOW HITPOINT WARNING * * *
You slice the spark wasp!!
The spark wasp is severely wounded.
The spark wasp bursts into living lightning!
The living lightning hits you!
* * * LOW HITPOINT WARNING * * *
The spark wasp blinks!
The spark wasp bursts into living lightning!
The living lightning hits you but does no damage.
The spark wasp blinks!
You closely miss the spark wasp. Your headbutt misses the spark wasp.
The spark wasp is severely wounded.
The spark wasp bursts into living lightning!
The living lightning misses you.
The spark wasp blinks!
The spark wasp bursts into living lightning!
The living lightning hits you!!
You die...

##...........#.....#
...........###....##
.#.........y..<..##
........#....†....#
..................##
##......##...^...#.#
#^.........####.##.#
###.....#..........#
##.....^......@.##
##.....##......#
##............# ##
##....#.....^# .#
#........#### ..##
#.######....####
...####........†.^#..#
#[...##.....#....#..##
##...##.#.#....#.#...#


You could see a spark wasp.

Vanquished Creatures
  Arachne (Spider:4)
  Jorgrun (Swamp:3)
  Kirke (D:15)
  2 thorn hunters
  Gastronok (D:8)
  The ghost of Tinen the Brawler, a journeyman TrMo of Wu Jian (Orc:1)
  Roxanne (Swamp:2)
  2 ghost moths
  2 orc warlords (Orc:2)
  Louise (Spider:3)
  Aizul (Swamp:3)
  2 emperor scorpions
  A stone giant (D:10)
  Nessos (D:12)
  Azrael (Spider:3)
  A minotaur (Gauntlet)
  3 spark wasps
  2 ettins
  A yaktaur captain (D:15)
  The ghost of Xeikkuus the Cleaver, a journeyman MiFi of Okawaru (D:12)
  Erolcha (D:10)
  2 ghost crabs (Swamp:3)
  Harold (D:7)
  14 hydras
  A merfolk avatar (Lair:6)
  2 death knights
  2 catoblepae
  10 alligators
  3 centaur warriors
  10 two-headed ogres
  2 tengu warriors (Orc:1)
  An ogre mage (Volcano)
  Sonja (Lair:6)
  2 orc high priests (Orc:2)
  Urug (D:13)
  Nergalle (D:12)
  A hell knight (Volcano)
  2 spriggan druids (Swamp:3)
  An unseen horror (D:11)
  4 swamp dragons
  A deep elf archer (Orc:1)
  3 harpies
  A necromancer (IceCv)
  4 orc knights
  3 orc sorcerers
  25 wolf spiders
  3 manticores
  12 orb spiders
  4 ugly things (D:14)
  A salamander (shapeshifter) (Gauntlet)
  A cyclops (D:12)
  A moth of wrath (D:12)
  4 elephants
  An ice statue (IceCv)
  4 black mambas
  A smoke demon (Gauntlet)
  Psyche (D:10)
  14 spiny frogs
  A gargoyle (D:13)
  11 demonic crawlers
  2 kobold demonologists (D:11)
  A yaktaur (D:15)
  4 rime drakes (Lair:6)
  14 komodo dragons
  An efreet (D:14)
  12 freezing wraiths
  A troll (shapeshifter) (D:12)
  A red devil (Gauntlet)
  20 jumping spiders
  A merfolk (D:10)
  6 polar bears
  15 hornets
  A queen bee (Gauntlet)
  13 trolls
  A jumping spider (shapeshifter) (Gauntlet)
  13 blink frogs
  6 tyrant leeches
  2 wind drakes (Lair:6)
  A wolf spider simulacrum (IceCv)
  8 slime creatures
  4 dream sheep (Lair:5)
  4 bog bodies
  4 hippogriffs
  43 redbacks
  10 spriggans
  2 shadows
  27 tarantellas
  6 wyverns
  3 wraiths
  A hog (D:15)
  7 fire bats (Volcano)
  A water elemental (D:14)
  A vampire (D:13)
  47 yaks
  9 basilisks
  16 humans (D:12)
  A steam dragon (D:10)
  4 fire elementals
  A hungry ghost (D:12)
  Grum (D:10)
  3 wargs
  10 vampire mosquitoes (Swamp:1)
  A redback simulacrum (D:14)
  A harpy simulacrum (D:14)
  5 insubstantial wisps (Swamp:3)
  4 soldier ants
  A swamp worm (shapeshifter) (Gauntlet)
  9 swamp worms
  2 acid dragons
  16 water moccasins
  4 hell hounds
  7 porcupines
  38 orc warriors
  4 swamp drakes
  17 ice beasts
  6 sky beasts
  3 phantoms
  10 centaurs
  2 necrophages (D:10)
  A black bear (D:10)
  8 ogres
  33 wolves
  12 crocodiles
  15 bullfrogs
  4 big kobolds
  A wyvern zombie (D:13)
  A scorpion (D:9)
  A water moccasin skeleton (D:9)
  2 wyvern skeletons
  2 hornet simulacra (D:14)
  9 killer bees
  4 howler monkeys
  4 electric eels
  7 lava snakes (Volcano)
  12 crimson imps
  A centaur zombie (D:12)
  2 quasits
  2 draconian simulacra (IceCv)
  22 orc priests
  4 jellies
  31 orc wizards
  5 hounds
  3 bullfrog skeletons
  8 centaur skeletons
  Jessica (D:3)
  2 iguanas
  2 polar bear simulacra (IceCv)
  4 troll simulacra (IceCv)
  10 worker ants
  3 spriggan simulacra (IceCv)
  A wolf simulacrum (IceCv)
  4 centaur simulacra (IceCv)
  3 hound skeletons
  4 gnolls (D:7)
  2 naga simulacra (IceCv)
  13 adders
  5 ogre simulacra (IceCv)
  A shadow imp (D:11)
  12 white imps (IceCv)
  3 ufetubi (D:14)
  5 oozes
  2 adder skeletons
  2 worms
  5 dart slugs
  A leopard gecko (D:2)
  102 orcs
  A ball python (D:1)
  4 giant cockroaches
  9 hobgoblins
  14 jackals
  6 quokkas
  11 bats
  5 frilled lizards
  4 goblins
  30 kobolds
  2 leopard gecko skeletons
  A quokka skeleton (D:4)
  6 rats
  2 briar patches (Swamp:3)
  3 fungi
  3 plants
1125 creatures vanquished.

Vanquished Creatures (others)
  A hydra (Swamp:1)
  A redback (Spider:3)
  3 humans (D:15)
  An orc warrior (Orc:2)
  3 centaurs (D:15)
  An orc (Orc:2)
  5 fungi
  8 plants (Lair:6)
23 creatures vanquished.

Grand Total: 1148 creatures vanquished

Notes
Turn   | Place    | Note
-------+----------+-------------------------------------------
     0 | D:1      | Peloso the Minotaur Fighter began the quest for the Orb.
     0 | D:1      | Reached XP level 1. HP: 19/19 MP: 0/0
   118 | D:1      | Reached XP level 2. HP: 23/27 MP: 1/1
   308 | D:1      | Reached skill level 4 in Shields
   317 | D:1      | Reached XP level 3. HP: 18/33 MP: 2/2
   804 | D:2      | Reached XP level 4. HP: 36/40 MP: 3/3
  1185 | D:2      | Found a sparkling altar of Nemelex Xobeh.
  1193 | D:2      | Reached skill level 1 in Dodging
  1371 | D:3      | Noticed Jessica
  1394 | D:3      | Killed Jessica
  1394 | D:3      | Reached XP level 5. HP: 8/46 MP: 4/4
  1699 | D:3      | Reached skill level 5 in Shields
  1782 | D:3      | Reached skill level 5 in Long Blades
  2116 | D:3      | Reached XP level 6. HP: 53/53 MP: 5/5
  2428 | D:4      | Got a scorched leather armour
  2433 | D:4      | Gained mutation: You expend magic power (3 MP) to
                  | strengthen your wands. [potion of mutation]
  2433 | D:4      | Gained mutation: You can translocate small distances at
                  | will. [potion of mutation]
  2433 | D:4      | Gained mutation: You are partially covered in yellow
                  | scales. (AC +2) [potion of mutation]
  2433 | D:4      | Gained mutation: Your flesh is heat resistant. (rF+)
                  | [potion of mutation]
  2463 | D:4      | Found a staircase to the Ecumenical Temple.
  2485 | Temple   | Entered the Ecumenical Temple
  2527 | Temple   | Became a worshipper of Warmaster Okawaru
  2949 | D:4      | Reached skill level 6 in Shields
  3034 | D:4      | Reached skill level 5 in Armour
  3039 | D:4      | Reached XP level 7. HP: 59/60 MP: 6/6
  3169 | D:5      | Entered Level 5 of the Dungeon
  3171 | D:5      | Identified the +2 leather armour "Kinwanoa" {rC++ rN+} (You
                  | found it on level 4 of the Dungeon)
  3197 | D:5      | Found a glowing silver altar of Zin.
  3238 | D:5      | Reached * piety under Okawaru
  3373 | D:5      | Found a burning altar of Makhleb.
  3373 | D:5      | Found a radiant altar of Vehumet.
  3502 | D:5      | Reached skill level 5 in Fighting
  3615 | D:5      | Noticed Prince Ribbit
  3668 | D:5      | Reached XP level 8. HP: 53/68 MP: 7/7
  3777 | D:5      | Reached skill level 7 in Shields
  4002 | D:6      | Found a sparkling altar of Nemelex Xobeh.
  4192 | D:6      | Found a sacrificial altar of Ru.
  4280 | D:6      | Found a radiant altar of Vehumet.
  4282 | D:6      | Found a basalt altar of Yredelemnul.
  4282 | D:6      | Found a radiant altar of Vehumet.
  4284 | D:6      | Found a hide-covered altar of Uskayaw.
  4284 | D:6      | Found a shimmering altar of Xom.
  4284 | D:6      | Found a hazy altar of Hepliaklqana.
  4865 | D:7      | Reached ** piety under Okawaru
  4986 | D:7      | Reached skill level 8 in Shields
  5367 | D:7      | Noticed Harold
  5393 | D:7      | Killed Harold
  5393 | D:7      | Reached *** piety under Okawaru
  5393 | D:7      | Reached XP level 9. HP: 48/78 MP: 5/8
  5944 | D:8      | Reached skill level 9 in Shields
  6044 | D:8      | Reached skill level 10 in Long Blades
  6054 | D:8      | Reached skill level 1 in Invocations
  6190 | D:8      | Found a hide-covered altar of Uskayaw.
  6252 | D:8      | Found a shadowy altar of Dithmenos.
  6314 | D:8      | Noticed Gastronok
  6565 | D:8      | Killed Gastronok
  6565 | D:8      | Reached **** piety under Okawaru
  6565 | D:8      | Reached ***** piety under Okawaru
  6565 | D:8      | Received a gift from Okawaru
  6565 | D:8      | Reached XP level 10. HP: 88/88 MP: 7/10
  6818 | D:9      | Found a staircase to the Lair.
  6818 | D:9      | Noticed an elephant
  6866 | D:9      | Killed an elephant
  6866 | D:9      | Reached skill level 10 in Shields
  7021 | D:9      | Found a blossoming altar of Fedhas.
  7022 | D:9      | Found a hazy altar of Hepliaklqana.
  7022 | D:9      | Noticed a two-headed ogre
  7023 | D:9      | Found an opulent altar of Gozag.
  7029 | D:9      | Killed a two-headed ogre
  7029 | D:9      | Received a gift from Okawaru
  7559 | D:10     | Entered Level 10 of the Dungeon
  7632 | D:10     | Found a staircase to the Orcish Mines.
  7675 | D:10     | Noticed Grum
  7705 | D:10     | Killed Grum
  7705 | D:10     | Reached XP level 11. HP: 92/97 MP: 11/11
  7844 | D:10     | Noticed Erolcha
  7852 | D:10     | Killed Erolcha
  7929 | D:10     | Noticed Psyche
  7941 | D:10     | Killed Psyche
  8078 | D:10     | Reached skill level 10 in Fighting
  8227 | D:10     | Noticed a two-headed ogre
  8234 | D:10     | Killed a two-headed ogre
  8234 | D:10     | Reached skill level 11 in Shields
  8636 | D:11     | Received a gift from Okawaru
  8911 | D:11     | Killed an unseen horror
  9019 | D:11     | Noticed a seven-headed hydra
  9049 | D:11     | Killed a seven-headed hydra
  9049 | D:11     | Reached skill level 10 in Armour
  9526 | D:11     | Reached XP level 12. HP: 104/108 MP: 12/12
  9530 | D:11     | Reached skill level 12 in Shields
  9642 | D:11     | Received a gift from Okawaru
  9796 | D:12     | Found a gate leading to a gauntlet.
  9839 | D:12     | Reached ****** piety under Okawaru
  9855 | Gauntlet | Entered a Gauntlet
  9855 | Gauntlet | Found a transporter.
  9855 | Gauntlet | Found a transporter.
  9855 | Gauntlet | Found a transporter.
  9856 | Gauntlet | Found a transporter.
  9860 | Gauntlet | Found a transporter.
  9860 | Gauntlet | Found a transporter.
  9874 | Gauntlet | Found a transporter.
  9874 | Gauntlet | Found a transporter.
  9875 | Gauntlet | Found a transporter.
  9877 | Gauntlet | Found a transporter.
  9891 | Gauntlet | Found a transporter.
  9894 | Gauntlet | Found a transporter.
  9898 | Gauntlet | Noticed an anaconda
  9898 | Gauntlet | a glowing orange brain changed into an anaconda
  9978 | Gauntlet | Noticed a two-headed ogre
  9979 | Gauntlet | Noticed an anaconda
  9979 | Gauntlet | a two-headed ogre changed into an anaconda
 10018 | Gauntlet | Noticed a great orb of eyes
 10018 | Gauntlet | a swamp worm changed into a great orb of eyes
 10020 | Gauntlet | a great orb of eyes changed into something unseen
 10054 | Gauntlet | Received a gift from Okawaru
 10056 | Gauntlet | Noticed a fire dragon
 10066 | Gauntlet | Got a blackened falchion {god gift}
 10067 | Gauntlet | Identified the +1 falchion of the Common Good {speed,
                  | *Contam Int+3 Dex+7 SInv} (Okawaru gifted it to you in a
                  | Gauntlet)
 10334 | Gauntlet | Got a scintillating iron amulet
 10336 | Gauntlet | Got a slimy lapis lazuli ring
 10337 | Gauntlet | Identified the ring "Ucru" {Fire *Slow rPois Dex+2 SInv}
                  | (You found it in a Gauntlet)
 10338 | Gauntlet | Identified the amulet of the Locust {Acrobat rC+ MR+ Int+3}
                  | (You found it in a Gauntlet)
 10388 | Gauntlet | Noticed a minotaur
 10402 | Gauntlet | Killed a minotaur
 11309 | D:12     | Noticed a death knight
 11348 | D:12     | Killed a death knight
 11348 | D:12     | Received a gift from Okawaru
 11664 | D:12     | Noticed Xeikkuus's ghost (journeyman MiFi)
 11679 | D:12     | Found a transporter.
 11695 | D:12     | Found a transporter.
 11699 | D:12     | Noticed Nergalle
 11720 | D:12     | Killed Nergalle
 11976 | Lair:1   | Entered Level 1 of the Lair of Beasts
 12207 | Lair:1   | Reached skill level 13 in Shields
 12346 | Lair:1   | Noticed a catoblepas
 12349 | Lair:1   | Received a gift from Okawaru
 12354 | Lair:1   | Killed a catoblepas
 12388 | Lair:1   | Got a bloodstained falchion {god gift}
 12389 | Lair:1   | Identified the +9 falchion of Cruel Justice {slice, rPois
                  | Stlth+} (Okawaru gifted it to you on level 1 of the Lair of
                  | Beasts)
 12998 | Lair:2   | Reached XP level 13. HP: 117/118 MP: 13/13
 13065 | Lair:2   | Received a gift from Okawaru
 13490 | Lair:3   | Got a faintly humming chain mail
 13501 | Lair:3   | Identified the cursed +1 chain mail of Forking Paths {*Slow
                  | Regen+ Int+4 Dex+3} (You found it on level 3 of the Lair of
                  | Beasts)
 13688 | Lair:3   | Reached skill level 1 in Polearms
 14040 | Lair:3   | Reached skill level 14 in Shields
 14880 | Lair:4   | Found a staircase to the Swamp.
 14967 | Lair:4   | Received a gift from Okawaru
 14968 | Lair:4   | Found the +3 pair of gauntlets of War {Slay+5}
 15467 | Lair:4   | Found a hole to the Spider Nest.
 15960 | D:12     | Noticed an ettin
 15972 | D:12     | Killed an ettin
 16403 | D:13     | Found a gate to the Vaults.
 16403 | D:13     | Noticed Nessos
 16417 | D:12     | Reached skill level 1 in Stealth
 16437 | D:12     | Killed Nessos
 16856 | D:12     | Reached skill level 15 in Shields
 17136 | D:13     | Found Vituec's Weapon Shoppe.
 17175 | D:13     | Reached XP level 14. HP: 99/127 MP: 14/14
 17206 | D:13     | Noticed Urug
 17230 | D:13     | Killed Urug
 17230 | D:13     | Received a gift from Okawaru
 17230 | D:13     | Reached skill level 15 in Long Blades
 17504 | D:13     | Found Omay's General Store.
 17515 | D:13     | Bought a potion of mutation for 112 gold pieces
 17518 | D:13     | Found Poitum's Antique Armour Shop.
 17527 | D:13     | Bought a scorched chain mail for 294 gold pieces
 17541 | D:13     | Identified the +1 chain mail of Card Tricks {*Drain MR+
                  | Dex+8} (You bought it in a shop on level 13 of the Dungeon)
 17842 | D:13     | Found Hoss's Magic Scroll Shop.
 17850 | D:13     | Bought a scroll of noise for 18 gold pieces
 18037 | Orc:1    | Entered Level 1 of the Orcish Mines
 18038 | Orc:1    | Noticed a stone giant
 18887 | D:10     | Killed a stone giant
 19430 | Orc:1    | Found a runed translucent gate.
 19430 | Orc:1    | Found a runed translucent gate.
 19430 | Orc:1    | Found a runed translucent gate.
 19434 | Orc:1    | Noticed Tinen's ghost (journeyman TrMo)
 19442 | Orc:1    | Found the +8 Wrath of Trog {antimagic, *Rage}
 19442 | Orc:1    | Found an iron altar of Okawaru.
 19492 | Orc:1    | Killed Tinen's ghost
 19492 | Orc:1    | Reached skill level 16 in Shields
 19586 | Orc:1    | Found a bloodstained altar of Trog.
 19703 | Orc:2    | Entered Level 2 of the Orcish Mines
 19710 | Orc:2    | Received a gift from Okawaru
 19761 | Orc:2    | Found a roughly hewn altar of Beogh.
 19791 | Orc:2    | Noticed an orc warlord
 19840 | Orc:2    | Killed an orc warlord
 20532 | Orc:2    | Found a staircase to the Elven Halls.
 20588 | Orc:2    | Found a roughly hewn altar of Beogh.
 20592 | Orc:2    | Found Ikhlufum's Jewellery Boutique.
 20651 | Orc:2    | Found a bloodstained altar of Trog.
 20794 | Orc:2    | Found a roughly hewn altar of Beogh.
 20874 | Orc:2    | Found a roughly hewn altar of Beogh.
 20949 | Orc:2    | Found a roughly hewn altar of Beogh.
 20954 | Orc:2    | Found Sumpel's Weapon Shoppe.
 21077 | Orc:2    | Found Foqaryrph's Antique Armour Shoppe.
 21078 | Orc:2    | Found a roughly hewn altar of Beogh.
 21088 | Orc:2    | Found Ovawn's Antique Weapon Emporium.
 21108 | Orc:2    | Bought a runed demon blade for 558 gold pieces
 21219 | Orc:2    | Noticed an orc warlord
 21253 | Orc:2    | Killed an orc warlord
 21302 | Orc:2    | Found a roughly hewn altar of Beogh.
 21435 | D:14     | Found Nikemuad's Assorted Antiques.
 21459 | D:14     | Found a frozen archway.
 21496 | IceCv    | Entered an ice cave
 21875 | IceCv    | Got a scorched dagger
 21889 | IceCv    | Found an ancient bone altar of Kikubaaqudgha.
 21909 | IceCv    | Reached skill level 17 in Shields
 22592 | D:14     | Reached XP level 15. HP: 76/137 MP: 16/16
 22920 | D:14     | Bought a scroll labeled OCWEIT WEXOQ for 41 gold pieces
 22965 | D:14     | Found Derikut's Assorted Antiques.
 22973 | D:14     | Bought a scroll of magic mapping for 87 gold pieces
 22989 | D:14     | Bought a scroll labeled MYSHRO YNUWK for 25 gold pieces
 23009 | D:14     | Found Guamil's Antique Armour Boutique.
 23012 | D:14     | Bought a pair of runed boots for 232 gold pieces
 23055 | D:14     | Received a gift from Okawaru
 23173 | D:14     | Reached skill level 5 in Dodging
 23222 | D:14     | Received a gift from Okawaru
 23395 | D:14     | Found a gateway to a bazaar.
 23403 | Bazaar   | Entered a bazaar
 23417 | Bazaar   | Found Nuots's General Store.
 23417 | Bazaar   | Found Iczim's Gadget Shoppe.
 23429 | Bazaar   | Bought a potion of mutation for 72 gold pieces
 23429 | Bazaar   | Bought a scroll of identify for 18 gold pieces
 23441 | Bazaar   | Found Boupuamn's Distillery.
 23465 | Bazaar   | Found Isuto's Jewellery Emporium.
 23465 | Bazaar   | Found Hiywob's Armour Shoppe.
 23563 | Bazaar   | Bought 2 potions of might for 96 gold pieces
 23614 | Bazaar   | Bought the amulet of Jucruhag {Reflect Str+2 SH+6} for 557
                  | gold pieces
 24029 | D:15     | Entered Level 15 of the Dungeon
 24172 | D:15     | Noticed Kirke
 24185 | D:15     | Killed Kirke
 24309 | D:15     | Found a sparkling altar of Nemelex Xobeh.
 24498 | D:15     | Found a staircase to the Depths.
 24809 | Lair:1   | Identified the +8 dagger of Tartarus {pierce, *Slow rElec
                  | Str+6} (You found it in an ice cave)
 25459 | Lair:5   | Found a staircase to the Slime Pits.
 25751 | Lair:6   | Entered Level 6 of the Lair of Beasts
 25769 | Lair:6   | Noticed Sonja
 25776 | Lair:6   | Killed Sonja
 25825 | Lair:6   | Found a dark tunnel.
 25833 | Volcano  | Entered a volcano
 25975 | Volcano  | Received a gift from Okawaru
 25975 | Volcano  | Reached skill level 18 in Shields
 26020 | Volcano  | Found a radiant altar of Vehumet.
 26071 | Volcano  | Found a radiant altar of Vehumet.
 26133 | Lair:6   | Reached skill level 1 in Evocations
 26185 | Lair:6   | Received a gift from Okawaru
 26227 | Lair:6   | Got a faintly glowing demon blade {god gift}
 26228 | Lair:6   | Identified the +6 demon blade "Nuczidwu" {elec, MR+ Int+3}
                  | (Okawaru gifted it to you on level 6 of the Lair of Beasts)
 26720 | Lair:6   | Received a gift from Okawaru
 26980 | Swamp:1  | Entered Level 1 of the Swamp
 26996 | Swamp:1  | Reached XP level 16. HP: 130/147 MP: 17/17
 26996 | Swamp:1  | Noticed a thorn hunter
 27007 | Swamp:1  | Killed a thorn hunter
 27388 | Swamp:1  | Reached skill level 19 in Shields
 27482 | Swamp:1  | Reached skill level 15 in Armour
 27690 | Swamp:2  | Reached skill level 15 in Fighting
 27881 | Swamp:2  | Identified Roxanne's Incunabulum of Stones
 27881 | Swamp:2  | Noticed Roxanne
 27902 | Swamp:2  | Killed Roxanne
 27936 | Swamp:2  | You fall into a shaft and drop 1 floor!
 27944 | Swamp:3  | Received a gift from Okawaru
 27947 | Swamp:3  | Got a jewelled chain mail {god gift}
 27989 | Swamp:3  | Identified the +8 chain mail of Coronation {rElec rPois
                  | Dex+5 Slay-4} (Okawaru gifted it to you on level 3 of the
                  | Swamp)
 27993 | Swamp:3  | Noticed Aizul
 28031 | Swamp:3  | Noticed Jorgrun
 28048 | Swamp:3  | Killed Jorgrun
 28061 | Swamp:3  | Killed Aizul
 28715 | Swamp:3  | Noticed a thorn hunter
 28729 | Swamp:3  | HP: 7/149 [thorn hunter (10)]
 28731 | Swamp:3  | Killed a thorn hunter
 30965 | D:12     | Killed Xeikkuus's ghost
 30965 | D:12     | Received a gift from Okawaru
 30979 | D:12     | Identified the +11 falchion "Temuadwi" {pain, *Noise rPois
                  | rN+ Str+4} (Okawaru gifted it to you on level 12 of the
                  | Dungeon)
 30984 | D:12     | Got a jewelled hat
 30995 | D:12     | Identified the cursed +0 hat "Bomorch" {rN+ Int+4} (You
                  | found it on level 12 of the Dungeon)
 31163 | D:13     | Bought a scroll of acquirement for 936 gold pieces
 31803 | Spider:1 | Entered Level 1 of the Spider Nest
 33001 | Spider:2 | Received a gift from Okawaru
 33001 | Spider:2 | Reached skill level 20 in Shields
 33152 | Spider:2 | Reached XP level 17. HP: 158/158 MP: 18/18
 33757 | Spider:3 | Noticed Louise
 33787 | Spider:3 | Killed Louise
 33810 | Spider:3 | Noticed Azrael
 33953 | Spider:3 | Killed Azrael
 34397 | Spider:4 | Entered Level 4 of the Spider Nest
 34420 | Spider:4 | Received a gift from Okawaru
 35377 | Spider:4 | Noticed Arachne
 35387 | Spider:4 | Killed Arachne
 35395 | Spider:4 | Reached skill level 21 in Shields
 35559 | Spider:4 | Killed from afar by a spark wasp

Levels and vault maps discovered:
D:1:      dpeg_arrival_tiny_j, layout_rooms
D:2:      layout_loops_ring, nemelex_dance_club_becter
D:3:      layout_basic, uniq_jessica
D:4:      cheibrodos_barr_body, layout_loops_ring,
          minmay_temple_entry_stoned_glass, first_ration
D:5:      layout_loops_cross, grunt_temple_overflow_lords_of_destruction,
          zin_academy, uniq_prince_ribbit1
D:6:      layout_basic, nemelex_xobeh_ov_fountains_minmay, doesnt_xom_only_xom,
          nicolae_overflow_hidden_temple
D:7:      layout_basic, uniq_harold
D:8:      layout_gridville, nicolae_overflow_crystal_walls,
          grunt_dithmenos_smoke, uniq_gastronok
D:9:      layout_irregular_city, chequers_temple_overflow_statue_of_worship,
          david_lair_generic
D:10:     layout_cave_pods, orc_0_dummy, hangedman_stone_soup, uniq_grum,
          uniq_psyche, uniq_erolcha
D:11:     layout_gridville
D:12:     kennysheep_funnel, layout_long_grid, gauntlet_entry_generic,
          gammafunk_ghost_berserking_beasts, uniq_nergalle
D:13:     layout_loops_cross, david_vaults_3, serial_shops, shop, shop,
          nicolae_shop_crystal, nicolae_shop_window_shopping, uniq_urug
D:14:     layout_basic, serial_ice, serial_ice_k, serial_ice_g, serial_ice_f,
          serial_ice_n, serial_ice_b, serial_ice_d, serial_ice_o, serial_ice_h,
          portal_ice_cave_entry_ice_beasts, chequers_serial_rivers_large_b,
          serial_shops, bzr_entry_gold, shop_coins, shop, shop
D:15:     grunt_enter_depths_snipers, layout_irregular_city, basic_altar,
          uniq_kirke
Temple:   minmay_temple_curvy_loop
Lair:1:   layout_roguey, grunt_forest_large_clearing_hut, serial_bayou_shore_b
Lair:2:   layout_roguey, serial_bayou_pond_e, grunt_forest_large_clearings,
          lemuel_fruit_tree
Lair:3:   layout_regular_city
Lair:4:   layout_regular_city, swamp_mist_pool, spider_nest_entry_funnel_web,
          serial_bayou_shore_b
Lair:5:   layout_loops_ring, slime_dummy, st_stairs_11, grunt_megastairs_2
Lair:6:   gammafunk_lair_ancient_temple, layout_concentric_octagons,
          nicolae_volcano_entry_hallway, uniq_sonja
Swamp:1:  layout_basic_swamp, evilmike_swamp_ruin_rubble_2
Swamp:2:  layout_basic_swamp, evilmike_swamp_ruin_house_6, uniq_roxanne
Swamp:3:  layout_basic_swamp, hangedman_swamp_ruin_hall, swamp_pool2,
          nicolae_swamp_feature_on_the_river_bank, uniq_aizul, uniq_jorgrun
Spider:1: layout_chambers
Spider:2: layout_spider_delve
Spider:3: layout_spider_delve, uniq_louise, uniq_azrael
Spider:4: johnstein_spider_rune_arachne_lair, guppyfry_spider_mini_1,
          uniq_arachne
Orc:1:    layout_caves, gammafunk_ghost_fury_of_okawaru, basic_altar,
          nicolae_orc_rockfall
Orc:2:    grunt_orc_community_town_hall, layout_diamond_mine,
          grunt_orc_community_big_house_2, grunt_orc_community_big_house_2,
          grunt_orc_community_house_2, grunt_orc_community_house_1,
          grunt_orc_community_house_2, grunt_orc_community_house_3,
          grunt_orc_community_house_1, grunt_orc_community_house_3, bloody_trog

Skill      XL: |  1  2  3  4  5  6  7  8  9 10 11 12 13 14 15 16 17 |
---------------+----------------------------------------------------+-----
Fighting       | 4 5 6 8 9 10 12 13 14 15 16 | 16.5
Shields        | 4 5 6 8 9 10 11 13 15 17 18 20 21 | 21.0
Long Blades    | 3 4 5 7 9 11 12 13 14 15 16 17 | 17.8
Armour         | 4 5 7 8 10 12 13 14 15 | 15.9
Dodging        | 1 2 3 4 6 7 |  7.7
Invocations    | 1 2 3 |  3.9
Polearms       | 3 4 |  4.2
Stealth        | 1 2 |  2.3
Evocations     | 1 |  1.2

Action                   |  1- 3 |  4- 6 |  7- 9 | 10-12 | 13-15 | 16-18 || total
-------------------------+-------+-------+-------+-------+-------+-------++-------
Melee: Long sword        |   107 |   185 |   375 |       |       |       ||   667
       Headbutt          |    11 |    40 |    81 |   214 |   415 |   276 ||  1037
       Scimitar          |       |       |       |   541 |    29 |       ||   570
       Trident           |       |       |       |     8 |    33 |       ||    41
       Falchion          |       |       |       |   177 |  1150 |       ||  1327
       Demon blade       |       |       |       |       |    75 |   705 ||   780
Invok: Heroism           |       |       |     5 |    16 |    23 |     5 ||    49
       Finesse           |       |       |       |       |       |     1 ||     1
 Abil: Blink             |       |       |     1 |       |       |       ||     1
Evoke: Wand              |       |       |       |     2 |     4 |       ||     6
  Use: Potion            |     2 |     7 |     4 |     4 |     4 |     4 ||    25
       Scroll            |       |       |    10 |     3 |    16 |    14 ||    43
  Eat: Chunk             |       |     6 |    12 |    20 |    31 |    10 ||    79
       Ration            |       |       |       |     1 |     4 |     5 ||    10
Armor: Scale mail        |    65 |    25 |       |       |       |       ||    90
       Plate armour      |       |    98 |   193 |   362 |   208 |       ||   861
       Chain mail        |       |       |       |       |   248 |   317 ||   565
Dodge: Dodged            |    49 |    55 |    71 |   177 |   381 |   363 ||  1096
Block: Shield            |    82 |   138 |   193 |   445 |  1004 |   761 ||  2623
       Reflection        |       |       |       |       |    40 |    13 ||    53
       Rpst.: Long sword |    11 |    19 |    14 |       |       |       ||    44
       Scimitar          |       |       |       |    31 |     2 |       ||    33
       Falchion          |       |       |       |     5 |    62 |       ||    67
       Demon blade       |       |       |       |       |     4 |    55 ||    59
